 Dungeon Crawl Stone Soup version 0.25-a0-875-geaba134f46 (webtiles) character file.

Game seed: 3933235268805294201, levelgen mode: deterministic

1913 Glorfindel the Covert (level 8, 33/33 HPs)
             Began as a Felid Ice Elementalist on May 1, 2020.
             Was a Priest of Makhleb.
             Got out of the dungeon alive.
             The game lasted 01:16:11 (9142 turns).

Glorfindel the Covert (Felid Ice Elementalist)      Turns: 9142, Time: 01:16:12

Health: 33/33      AC:  2    Str:  4    XL:     8   Next: 95%
Magic:  12/12      EV: 22    Int: 17    God:    Makhleb [***...]
Gold:   363        SH:  0    Dex: 19    Spells: 3/11 levels left
                                        Lives:  1   Deaths: 1

rFire    x . .     SeeInvis +     - Unarmed
rCold    + . .     Gourm    .   (shield unavailable)
rNeg     . . .     Faith    .   (armour unavailable)
rPois    .         Spirit   .   (helmet unavailable)
rElec    .         Reflect  .   (cloak unavailable)
rCorr    .         Harm     .   (gloves unavailable)
MR       +....                  (boots unavailable)
Stlth    +++++.....             (no amulet)
HPRegen  0.11/turn              c - ring of ice
MPRegen  0.13/turn              l - ring of flight {=R}

@: quick
A: very small, no armour, no weapons or thrown items, stealth, claws 1, fangs 3,
see invisible, carnivore, speed 1, shaggy fur 2, slow metabolism 1, sharp paws
a: Minor Destruction, Lesser Servant of Makhleb, Renounce Religion, Evoke Flight


You escaped.
You worshipped Makhleb.
Makhleb was most pleased with you.
You were not hungry.

You visited 2 branches of the dungeon, and saw 9 of its levels.

You collected 363 gold pieces.

Inventory:

Missiles
 j - 101 arrows
 p - 198 stones
Jewellery
 c - a ring of ice (left paw)
 f - an uncursed ring of fire
 l - a ring of flight (right paw) {=R}
Wands
 q - a wand of scattershot (1)
Scrolls
 g - 4 scrolls of fog
 h - 2 scrolls of immolation {!r}
 r - a scroll of noise {unknown}
 s - a scroll of random uselessness {unknown}
 u - a scroll of enchant armour {unknown}
 v - a scroll of enchant weapon
 w - 5 scrolls of teleportation
 x - a scroll of vulnerability {unknown}
 y - 3 scrolls of remove curse
 B - a scroll of amnesia {unknown}
 C - a scroll of brand weapon {unknown}
Potions
 a - a potion of might
 k - 4 potions of stabbing
 z - a potion of lignification {!q}
Comestibles
 b - 12 rations


   Skills:
 - Level 2.0 Fighting
 - Level 6.0 Dodging
 - Level 10.1 Stealth
 - Level 4.0 Unarmed Combat
 - Level 2.0 Spellcasting
 - Level 6.0 Hexes
 - Level 7.0 Charms
 - Level 6.0 Translocations
 - Level 4.0 Ice Magic
 + Level 3.7 Invocations
 - Level 4.0 Evocations


You had 3 spell levels left.
You knew the following spells:

 Your Spells              Type           Power        Failure   Level  Hunger
b - Blink                 Tloc           N/A          2%          2    ###....
o - Slow                  Hex            ###.....     2%          2    ###....
z - Freeze                Ice            ###.         3%          1    #......
A - Ozocubu's Armour      Chrm/Ice       ####....     6%          3    ###....

Your spell library contained the following spells:

 Spells                   Type           Power        Failure   Level  Hunger
 Frozen Ramparts          Ice            ###...       11%         3    ###....
 Magic Dart               Conj           #...         19%         1    #......
 Call Imp                 Summ           #.......     28%         2    ###....
 Conjure Flame            Conj/Fire      #.......     50%         3    ###....
 Mephitic Cloud           Conj/Pois/Air  #.......     50%         3    ###....
 Hailstorm                Conj/Ice       ##......     63%         4    #####..
 Summon Ice Beast         Ice/Summ       ##......     63%         4    #####..


Dungeon Overview and Level Annotations

Branches:
Dungeon (8/15)             Temple (1/1) D:6
   Lair: D:8-11

Altars:
Ashenzari
Cheibriados
Dithmenos
Elyvilon
Fedhas
Gozag
Hepliaklqana
Kikubaaqudgha
Makhleb
Nemelex Xobeh
Okawaru
Qazlal
Ru
Sif Muna
Uskayaw
Vehumet
Wu Jian
Xom
Zin
The Shining One

Shops:
D:4 (

Annotations:
D:2 ! robin near altar; potion, Robin
D:3 exclusions: downstairs and upstairs, Sigmund
D:6 2 transporters; ogres, loot, Gekot's ghost, novice GrFi
D:7 exclusion: downstairs
D:8 hive, exclusion: killer bee


Innate Abilities, Weirdness & Mutations

You cannot wear armour.
You are incapable of wielding weapons or throwing items.
Your paws allow you to move quietly. (Stealth)
You have sharp claws.
You have razor-sharp teeth.
You have supernaturally acute eyesight. (SInv)
You are carnivorous and can eat meat at any time.
You cover ground quickly.
You are covered in thick fur. (AC +2)
You have a slow metabolism.
Your sharp claws are effective at attacking unaware monsters.


Message History

There is a stone staircase leading down here.
There is a stone staircase leading up here.
You see here a -5 ring of intelligence.
You climb upwards.
Level annotation: exclusions: downstairs and upstairs, Sigmund
There is a stone staircase leading down here.
There is a stone staircase leading up here.
Warning, next level annotated: ! robin near altar; potion, Robin Enter next level anyway?
You climb upwards.
There is a stone staircase leading down here.
There is a stone staircase leading up here.
You climb upwards.
There is a stone staircase leading down here.
There is a stone staircase leading down here.
HP restored.
There is an open door here.
There is a staircase leading out of the dungeon here.
Are you sure you want to leave the Dungeon?
This will make you lose the game!
You have escaped!

###### #@.♣≈#
#..≈≈# #♣.♣≈#
#♣..≈# ######
#≈..♣### #.....
#♣♣..'.######.####
#≈≈.≈#........#
#♣≈.P#.######.#
##+##.# #.#


There were no monsters in sight!

Vanquished Creatures
  A troll (D:8)
  A sky beast (D:6)
  A phantom (D:6)
  An orc warrior (D:6)
  3 centaurs
  6 ogres
  A big kobold (D:7)
  A crocodile (D:7)
  4 bullfrogs
  16 killer bees
  A scorpion (D:6)
  2 crimson imps
  3 bullfrog zombies
  4 hounds
  A centaur zombie (D:6)
  2 jellies (D:7)
  2 orc wizards
  A bullfrog skeleton (D:7)
  Terence (D:2)
  3 iguanas
  11 worker ants
  A worker ant zombie (D:7)
  9 adders
  4 gnolls (D:7)
  2 shadow imps
  An ooze (D:4)
  2 worms (D:2)
  A dart slug (D:2)
  5 leopard geckos
  7 orcs
  2 ball pythons
  5 bats
  5 giant cockroaches
  9 hobgoblins
  5 jackals
  9 kobolds
  7 quokkas
  8 frilled lizards
  6 goblins
  A jackal zombie (D:7)
  A leopard gecko zombie (D:6)
  A quokka zombie (D:7)
  4 rats
161 creatures vanquished.

Vanquished Creatures (collateral kills)
  A killer bee (D:8)
1 creature vanquished.

Grand Total: 162 creatures vanquished

Notes
Turn   | Place    | Note
-------+----------+-------------------------------------------
     0 | D:1      | Glorfindel the Felid Ice Elementalist began the quest for
                  | the Orb.
     0 | D:1      | Reached XP level 1. HP: 7/7 MP: 4/4
    73 | D:1      | Reached skill level 3 in Stealth
   265 | D:1      | Reached skill level 4 in Stealth
   265 | D:1      | Reached XP level 2. HP: 11/11 MP: 1/6
  1126 | D:2      | Found a hide-covered altar of Uskayaw.
  1129 | D:2      | Noticed Robin
  1130 | D:2      | //robin in kind of temple
  1233 | D:2      | Reached skill level 5 in Stealth
  1311 | D:2      | Found a glowing golden altar of the Shining One.
  1327 | D:2      | You fall into a shaft and drop 2 floors!
  1338 | D:4      | //Minor Magic
  1343 | D:4      | Found Facud's Weapon Shoppe.
  1360 | D:4      | Noticed an ogre
  1403 | D:4      | Killed an ogre
  1403 | D:4      | Reached skill level 6 in Stealth
  1403 | D:4      | Reached XP level 3. HP: 14/14 MP: 7/7
  1403 | D:4      | Reached XP level 4. HP: 18/18 MP: 8/8
  1404 | D:4      | //wand acid vs ogre
  1404 | D:4      | //Dex btw
  1438 | D:4      | Noticed an ogre
  1450 | D:4      | Noticed an ogre
  1474 | D:4      | Reached skill level 7 in Stealth
  1487 | D:3      | Found a burning altar of Makhleb.
  1500 | D:3      | Became a worshipper of Makhleb the Destroyer
  1533 | D:3      | //[landsh s]
  1678 | D:3      | Reached XP level 5. HP: 21/21 MP: 5/9
  1727 | D:3      | Found a glowing silver altar of Zin.
  1757 | D:3      | Noticed Sigmund
  1834 | D:3      | //strawberry :-)
  1885 | D:3      | Found a radiant altar of Vehumet.
  1928 | D:2      | //stabbed adder
  2014 | D:2      | //scattershot
  2020 | D:2      | //ok, some evo
  2145 | D:2      | //[ho]
  2209 | D:2      | Noticed Terence
  2224 | D:2      | Killed Terence
  2224 | D:2      | Reached skill level 1 in Evocations
  2899 | D:4      | //-5 int
  2911 | D:4      | Killed an ogre
  2911 | D:4      | Reached skill level 8 in Stealth
  2911 | D:4      | Reached skill level 1 in Unarmed Combat
  2911 | D:4      | Gained mutation: You are covered in thick fur. (AC +2)
                  | [Felid growth]
  2911 | D:4      | Reached XP level 6. HP: 24/24 MP: 10/10
  2912 | D:4      | //Dex
  2954 | D:4      | //found remCu
  3113 | D:4      | //[1. t 18]
  3155 | D:4      | Reached * piety under Makhleb
  3366 | D:4      | Reached skill level 9 in Stealth
  3369 | D:4      | Reached skill level 1 in Fighting
  3369 | D:4      | Reached XP level 7. HP: 23/28 MP: 6/11
  3370 | D:4      | //scatter vs ogre
  3669 | D:4      | Found a shattered altar of Ashenzari.
  3825 | D:5      | Entered Level 5 of the Dungeon
  4211 | D:5      | Reached skill level 10 in Stealth
  4215 | D:5      | Learned a level 2 spell: Blink
  4215 | D:5      | //tLoc and hexes +4 - use it
  4290 | D:5      | Reached skill level 1 in Translocations
  4378 | D:5      | Learned a level 2 spell: Slow
  4390 | D:5      | Found an ancient bone altar of Kikubaaqudgha.
  4390 | D:5      | Found an opulent altar of Gozag.
  4620 | D:5      | //oh, ring ice
  4621 | D:5      | //id btw
  4733 | D:5      | Reached skill level 1 in Hexes
  4743 | D:5      | //iceblast
  4851 | D:5      | Found a sacrificial altar of Ru.
  4939 | D:6      | Found a transporter.
  4999 | D:6      | Noticed Gekot's ghost (novice GrFi)
  5002 | D:6      | Identified the cursed +0 great mace of Temperance {drain,
                  | +Fly rN+ Int+3}
  5003 | D:6      | Found a transporter.
  5025 | D:6      | Reached XP level 8. HP: 33/33 MP: 12/12
  5050 | D:6      | //... and ring fire
  5104 | D:6      | //[hir]
  5366 | D:6      | Found a stormy altar of Qazlal.
  5459 | D:6      | Found a staircase to the Ecumenical Temple.
  5471 | D:6      | Reached skill level 5 in Translocations
  5481 | D:6      | Reached skill level 5 in Hexes
  5636 | Temple   | Entered the Ecumenical Temple
  5815 | D:6      | Reached ** piety under Makhleb
  6593 | D:7      | Learned a level 3 spell: Ozocubu's Armour
  6848 | D:7      | Reached skill level 1 in Charms
  6930 | D:7      | //new 13 charges iceblast!
  7098 | D:7      | Reached XP level 9. HP: 36/36 MP: 13/13
  7099 | D:7      | //Dex
  7256 | D:7      | //[lie]
  7272 | D:7      | //slow + freeze, nice combo
  7738 | D:7      | Reached skill level 5 in Charms
  7739 | D:7      | //phew
  7742 | D:7      | //bees, ce,...
  8213 | D:8      | //hive here :-|
  8247 | D:8      | //ogre: slow, ozo, freeze
  8253 | D:8      | Noticed a two-headed ogre
  8575 | D:8      | Noticed a troll
  8586 | D:8      | Killed a troll
  8636 | D:8      | Reached *** piety under Makhleb
  8671 | D:8      | Reached skill level 5 in Dodging
  8862 | D:8      | Noticed a two-headed ogre
  8863 | D:8      | //very bad teleport
  8863 | D:8      | //just stupid with bees here on open level
  8865 | D:8      | //ok, lig + ozo + might
  8870 | D:8      | Reached skill level 1 in Invocations
  8880 | D:8      | Demolished by a two-headed ogre
  8881 | D:8      | Reached XP level 8. HP: -16/49 MP: 5/12
  9142 | D:$      | Got out of the dungeon alive.

Levels and vault maps discovered:
D:1:      tarquinn_simple_flora_water_f, layout_loops_ring,
          minmay_parallelograms
D:2:      layout_loops_ring, nicolae_overflow_hidden_temple, tso_metal_star,
          uniq_robin, uniq_terence
D:3:      layout_loops_ring, lemuel_round_altar, fiery_altar_vehumet,
          lemuel_crystal_altar, uniq_sigmund
D:4:      layout_basic, ashenzari_altar_1, serial_shops, kennysheep_mini
D:5:      layout_loops_ring, gammafunk_temple_overflow_elements, first_ration,
          nicolae_ru_the_path_less_chosen
D:6:      layout_loops_cross, minmay_temple_entry_sparse_star,
          gammafunk_ghost_smash, nicolae_qazlal_eye_of_the_storm
D:7:      layout_basic
D:8:      layout_cave_pools, david_nohive_1
Temple:   nicolae_temple_hex_pool

Skill      XL: |  1  2  3  4  5  6  7  8  9 |
---------------+----------------------------+-----
Stealth        | 4 6 7 8 9 10 | 10.1
Evocations     | 3 4 |  4.0
Unarmed Combat | 1 2 3 4 |  4.0
Fighting       | 1 2 |  2.0
Translocations | 4 6 |  6.0
Hexes          | 2 6 |  6.0
Dodging        | 4 6 |  6.0
Charms         | 3 7 |  7.0
Ice Magic      | 4 |  4.0
Invocations    | 3 1 |  3.7
Spellcasting   | |  2.0

Action                   |  1- 3 |  4- 6 |  7- 9 || total
-------------------------+-------+-------+-------++-------
Melee: Unarmed           |    10 |    24 |   111 ||   145
       Bite              |     1 |     1 |    10 ||    12
       Punch             |       |       |     1 ||     1
 Cast: Freeze            |    26 |    53 |   152 ||   231
       Slow              |       |       |    48 ||    48
       Ozocubu's Armour  |       |       |     3 ||     3
Invok: Lesser Servant of |       |       |     3 ||     3
Evoke: Wand              |     1 |     4 |    25 ||    30
  Use: Scroll            |       |     4 |    14 ||    18
       Potion            |       |       |    10 ||    10
 Stab: Sleeping          |     4 |    17 |    18 ||    39
       Distracted        |     1 |       |     1 ||     2
  Eat: Chunk             |     8 |     4 |    18 ||    30
Armor: Skin              |       |     2 |   159 ||   161
Dodge: Dodged            |    23 |    30 |   229 ||   282

Table legend:
 A = Non-vault XP
 B = Vault XP
 C = Vault XP percentage of total XP
 D = Non-vault monster count
 E = Vault monster count
 F = Vault count percentage of total count
                 A         B        C        D         E       F
            +---------+---------+-------+---------+---------+-------
      Total |    4244 |     675 |  13.7 |     150 |      12 |   7.4
            +---------+---------+-------+---------+---------+-------
        D:1 |      27 |       0 |   0.0 |      17 |       0 |   0.0
        D:2 |      71 |      36 |  33.6 |      22 |       1 |   4.3
        D:3 |      78 |       0 |   0.0 |      14 |       0 |   0.0
        D:4 |     641 |       0 |   0.0 |      19 |       0 |   0.0
        D:5 |     531 |       0 |   0.0 |      13 |       0 |   0.0
        D:6 |    1092 |       0 |   0.0 |      22 |       0 |   0.0
        D:7 |    1140 |      43 |   3.6 |      36 |       1 |   2.7
        D:8 |     664 |     596 |  47.3 |       7 |      10 |  58.8
            +---------+---------+-------+---------+---------+-------
